 Dungeon Crawl Stone Soup version 0.29-a0-477-g62b78b4225 (webtiles) character file.

Game seed: 17141708239498452920

5205 Bruhh the Basher (level 10, -4/68 HPs)
             Began as a Gargoyle Fighter on May 25, 2022.
             Was an Elder of Okawaru.
             Slain by a seven-headed hydra (13 damage)
             ... on level 8 of the Dungeon.
             The game lasted 00:14:57 (9583 turns).

Bruhh the Basher (Gargoyle Fighter)                 Turns: 9583, Time: 00:14:59

Health: -4/68      AC: 20    Str: 25    XL:     10   Next: 60%
Magic:  13/13      EV: 10    Int:  8    God:    Okawaru [****..]
Gold:   552        SH:  0    Dex:  9    Spells: 9/9 levels left

rFire   + . .      SeeInvis .   a - +0 dire flail (vorpal)
rCold   x . .      Faith    .   (shield currently unavailable)
rNeg    + . .      Spirit   .   o - +4 ring mail
rPois   ∞          Reflect  .   (no helmet)
rElec   +          Harm     .   t - +1 cloak
rCorr   +          Rampage  .   (no gloves)
Will    .....                   (no boots)
Stlth   ..........              (no amulet)
HPRegen 0.21/turn               w - ring of fire
MPRegen 0.13/turn               p - ring of resist corrosion

@: mighty, hasted, very quick
A: sickness immunity, AC +7, negative energy resistance 1, electricity
resistance, torment resistance 1, petrification resistance
a: Renounce Religion, Heroism, Finesse


You were on level 8 of the Dungeon.
You worshipped Okawaru.
Okawaru was greatly pleased with you.
You visited 2 branches of the dungeon, and saw 9 of its levels.
You also visited: Ossuary.

You collected 552 gold pieces.

Inventory:

Hand Weapons
 a - a +0 vorpal dire flail (weapon)
 c - a +0 flail
Armour
 b - a +0 scale mail
 o - a +4 ring mail (worn)
 t - a +1 cloak (worn)
 y - a +0 buckler
Jewellery
 p - a ring of resist corrosion (right hand)
 w - a ring of fire (left hand)
Wands
 s - a wand of acid (8)
 u - a wand of mindburst (15)
 A - a wand of paralysis (6)
Scrolls
 e - 6 scrolls of amnesia
 f - a scroll of fog
 h - 2 scrolls of teleportation
 i - a scroll of immolation
 n - a scroll of enchant armour
 B - 2 scrolls of poison
Potions
 d - a potion of haste
 j - a potion of invisibility {unknown}
 k - 2 potions of attraction
 l - a potion of resistance {unknown}
 m - a potion of magic
 q - 5 potions of flight {unknown}
 r - 5 potions of heal wounds
 v - 6 potions of curing {unknown}
 x - a potion of cancellation {unknown}
 z - 16 potions of degeneration


   Skills:
 - Level 10.0 Fighting
 - Level 10.5 Maces & Flails
 + Level 7.3 Armour
 - Level 3.2 Shields
 + Level 5.1 Invocations


You had 9 spell levels left.
You didn't know any spells.
Your spell library contained the following spells:

 Spells                   Type           Power      Damage    Failure   Level
 Slow                     Hex            0%         N/A       54%         1
 Confusing Touch          Hex            0%         N/A       88%         3
 Vampiric Draining        Necr           0%         2d6       88%         3
 Airstrike                Air            0%         N/A       99%         4
 Cause Fear               Hex            0%         N/A       99%         4
 Petrify                  Tmut/Erth      0%         N/A       99%         4
 Irradiate                Conj/Tmut      0%         3d13      100%        5
 Lightning Bolt           Conj/Air       0%         1d11      100%        5
 Dragon Form              Tmut           0%         N/A       100%        7
 Sublimation of Blood     Necr           Unusable   N/A       N/A         2
 Summon Lightning Spire   Summ/Air       Unusable   N/A       N/A         4
 Dragon's Call            Summ           Unusable   N/A       N/A         9

Dungeon Overview and Level Annotations

Branches:
Dungeon (8/15)             Temple (1/1) D:4         Ossuary (visited)
   Lair: D:8-11

Altars:
Ashenzari
Cheibriados
Dithmenos
Elyvilon
Fedhas
Gozag
Hepliaklqana
Kikubaaqudgha
Makhleb
Nemelex Xobeh
Okawaru
Qazlal
Ru
Sif Muna
Trog
Uskayaw
Vehumet
Wu Jian
Xom
Yredelemnul
Zin
The Shining One

Shops:
D:2 *

Annotations:
D:3 2 transporters, Sekuso's ghost, amateur FoHu


Innate Abilities, Weirdness & Mutations

You are immune to sickness and miasma.
Your stone body is resilient. (AC +7)
You are immune to poison.
You resist negative energy. (rN+)
You are resistant to electric shocks. (rElec)
You are resistant to unholy torment.
You are immune to petrification.


Message History

You now have 537 gold pieces (gained 20).
Found a stone staircase leading up.
Found an escape hatch in the floor.
You pick up a book of Debilitation and begin reading...
You add the spells Slow, Vampiric Draining and Confusing Touch to your library.
Found a stone staircase leading down.
You now have 552 gold pieces (gained 15).
Found a hand axe.
A seven-headed hydra comes into view.
The seven-headed hydra roars!
You hear a howl!
A wolf comes into view.
The wolf howls!
You hear a howl!
You feel very mighty all of a sudden.
A wolf comes into view. x2
The wolf howls!
You puncture the seven-headed hydra!
The seven-headed hydra is lightly wounded.
The seven-headed hydra bites you! The seven-headed hydra bites you.
The seven-headed hydra misses you. The seven-headed hydra bites you.
The seven-headed hydra closely misses you.
The seven-headed hydra bites you!
The seven-headed hydra bites you but does no damage.
You barely miss the seven-headed hydra.
The seven-headed hydra is lightly wounded.
A wolf comes into view.
The seven-headed hydra bites you!
The seven-headed hydra bites you but does no damage. x2
The seven-headed hydra bites you. x2
* * * LOW HITPOINT WARNING * * *
The seven-headed hydra bites you but does no damage.
The seven-headed hydra closely misses you.
The wolf closely misses you.
You feel yourself speed up.
The wolf howls!
The wolf bites you.
* * * LOW HITPOINT WARNING * * *
The seven-headed hydra bites you.
* * * LOW HITPOINT WARNING * * *
The seven-headed hydra bites you!
You die...

###........ ..........
.......h.. .....)...
....h.... #..h....... ..#
#. # #Dh........)#..##. #.
#@..........#.....
##.######.................
#......#.....####...#.....
#......#..#### ##........
#.........#######.........
#.........................
#.>........####..#........
#.......#### ##.#..#......
#.......# #....###..##.


You could see a seven-headed hydra and 4 wolves.

Vanquished Creatures
  Pikel (D:5)
  Joseph (D:7)
  A troll (D:6)
  Prince Ribbit (D:5)
  Sigmund (D:6)
  4 yaks (D:7)
  Edmund (D:5)
  Duvessa (D:5)
  An ice beast (D:5)
  A sky beast (D:8)
  A centaur (D:7)
  3 phantoms (D:6)
  2 elf zombies (Ossuary)
  7 necrophages
  2 wyvern zombies (D:6)
  3 scorpions (D:5)
  A water moccasin zombie (D:7)
  11 wights
  Dowan (D:5)
  3 bullfrog zombies (D:6)
  2 centaur zombies
  4 human zombies
  4 hounds
  A jelly (D:6)
  3 orc priests
  4 iguanas
  4 orc wizards
  A killer bee zombie (D:7)
  A hound zombie (Ossuary)
  2 howler monkey zombies (D:6)
  4 mummies
  6 gnolls
  5 adders
  A shadow imp (D:6)
  A white imp (D:7)
  3 ufetubi
  An adder zombie (Ossuary)
  2 worms (D:2)
  2 dart slugs
  21 orcs
  3 bats
  4 endoplasms
  3 giant cockroaches
  8 goblins
  7 hobgoblins
  4 jackals (D:2)
  A quokka (D:4)
  6 ball pythons
  2 frilled lizards
  A gnoll zombie (Ossuary)
  6 goblin zombies (Ossuary)
  4 hobgoblin zombies (Ossuary)
  3 jackal zombies (Ossuary)
  5 kobolds
  4 kobold zombies (Ossuary)
  2 orc zombies (Ossuary)
  4 quokka zombies (Ossuary)
  A rat (D:1)
  4 rat zombies (Ossuary)
191 creatures vanquished.

Notes
Turn   | Place    | Note
-------+----------+-------------------------------------------
     0 | D:1      | Bruhh the Gargoyle Fighter began the quest for the Orb.
     0 | D:1      | Reached XP level 1. HP: 14/14 MP: 1/1
   342 | D:1      | Reached XP level 2. HP: 18/19 MP: 2/2
   833 | D:2      | Reached XP level 3. HP: 23/24 MP: 3/3
  1259 | D:2      | Found a faded altar of an unknown god.
  1329 | D:2      | Found Veinuli's General Store.
  1533 | D:3      | Reached XP level 4. HP: 7/30 MP: 4/4
  1833 | D:3      | Found a transporter.
  1833 | D:3      | Noticed Sekuso's ghost (amateur FoHu)
  1848 | D:3      | Found a sacrificial altar of Ru.
  1862 | D:3      | Reached XP level 5. HP: 28/34 MP: 5/5
  1990 | D:3      | Reached skill level 5 in Fighting
  2265 | D:3      | Found a transporter.
  2739 | D:4      | Found a radiant altar of Vehumet.
  2742 | D:4      | Found a stormy altar of Qazlal.
  2747 | D:4      | Found a blossoming altar of Fedhas.
  2849 | D:4      | Found a sand-covered staircase.
  2864 | Ossuary  | Entered an ossuary
  3385 | Ossuary  | Reached XP level 6. HP: 28/41 MP: 6/6
  3505 | Ossuary  | Reached skill level 5 in Maces & Flails
  3677 | Ossuary  | Reached XP level 7. HP: 47/47 MP: 7/7
  4033 | D:4      | Found a staircase to the Ecumenical Temple.
  4042 | Temple   | Entered the Ecumenical Temple
  4116 | Temple   | Became a worshipper of Warmaster Okawaru
  4718 | D:5      | Entered Level 5 of the Dungeon
  4758 | D:5      | Found an ornate altar of the Wu Jian Council.
  4865 | D:5      | Noticed Pikel
  4894 | D:5      | Killed Pikel
  4894 | D:5      | Reached * piety under Okawaru
  4895 | D:5      | Reached XP level 8. HP: 21/54 MP: 8/8
  5196 | D:5      | Noticed Prince Ribbit
  5225 | D:5      | Killed Prince Ribbit
  5225 | D:5      | Reached ** piety under Okawaru
  5656 | D:5      | Found a burning altar of Makhleb.
  5880 | D:5      | Found a glowing golden altar of the Shining One.
  5880 | D:5      | Found a white marble altar of Elyvilon.
  6038 | D:5      | Noticed Edmund
  6069 | D:5      | Killed Edmund
  6070 | D:5      | Reached XP level 9. HP: 32/61 MP: 0/9
  6408 | D:5      | Noticed Duvessa
  6408 | D:5      | Noticed Dowan
  6417 | D:5      | Killed Duvessa
  6421 | D:5      | Killed Dowan
  6421 | D:5      | Reached *** piety under Okawaru
  6590 | D:5      | Found a shimmering blue altar of Sif Muna.
  6660 | D:6      | Noticed a troll
  6680 | D:6      | Killed a troll
  6813 | D:6      | Reached skill level 10 in Fighting
  6888 | D:6      | Found an ancient bone altar of Kikubaaqudgha.
  7473 | D:6      | Reached skill level 10 in Maces & Flails
  7908 | D:6      | Reached **** piety under Okawaru
  8129 | D:6      | Noticed Sigmund
  8138 | D:6      | Killed Sigmund
  8139 | D:6      | Reached XP level 10. HP: 68/68 MP: 3/10
  8379 | D:6      | Found a shimmering altar of Xom.
  8380 | D:6      | Found a hazy altar of Hepliaklqana.
  8381 | D:6      | Noticed a spectral ugly thing
  8404 | D:6      | Reached skill level 5 in Armour
  8594 | D:7      | Reached skill level 1 in Invocations
  8772 | D:7      | Noticed Joseph
  8792 | D:7      | Killed Joseph
  9386 | D:7      | Reached skill level 5 in Invocations
  9577 | D:8      | Noticed a seven-headed hydra
  9583 | D:8      | Slain by a seven-headed hydra

Illustrated notes

Levels and vault maps discovered:
D:1:      minmay_arrival_checkered_box, layout_basic
D:2:      layout_loops_cross, serial_shops, shop, shapermc_ecumenical_altar_venn
D:3:      layout_basic, nicolae_ru_great_annihilating_truth,
          gammafunk_ghost_arena
D:4:      layout_loops_ring, grunt_temple_overflow_diamond,
          minmay_temple_entry_purple_smoke, nicolae_ossuary_entry_monument,
          minmay_misc_feat_alley
D:5:      dreamdust_elfheim, layout_basic, mainiacjoe_overflow_surrounded_room,
          minitemple, lemuel_blue_sif_altar, kennysheep_path_1,
          uniq_prince_ribbit1, uniq_edmund, uniq_pikel
D:6:      layout_basic, regret_index_temple_of_mockery,
          lemuel_mausoleum_altar_kikubaaqudgha, st_stairs_14,
          lightli_orcish_oven, uniq_sigmund
D:7:      layout_rooms, serial_undead, serial_undead_a, serial_undead_c,
          serial_undead_b, serial_undead_f, serial_undead_a, serial_undead_d,
          serial_undead_f, serial_undead_a, enter_bailey_7, uniq_joseph
D:8:      layout_rooms, dk_noncrumbling_3, uniq_grum, uniq_erica
Temple:   compressed_dpeg_circular_temple

Skill      XL: |  1  2  3  4  5  6  7  8  9 10 |
---------------+-------------------------------+-----
Fighting       | 4 5 6 7 9 10 | 10.0
Maces & Flails | 3 4 5 6 8 10 | 10.5
Armour         | 4 7 |  7.3
Invocations    | 5 |  5.1
Shields        | |  3.2

Action                   |  1- 3 |  4- 6 |  7- 9 | 10-12 || total
-------------------------+-------+-------+-------+-------++-------
Melee: Flail             |    86 |   219 |   214 |       ||   519
       Dire flail        |       |       |   204 |   144 ||   348
Evoke: Wand              |       |       |    11 |       ||    11
  Use: Potion            |     1 |       |     4 |     2 ||     7
       Scroll            |       |     8 |     3 |     3 ||    14
 Stab: Invisible         |       |     1 |       |       ||     1
Armor: Scale mail        |    32 |       |       |       ||    32
       Ring mail         |    14 |   113 |   177 |    78 ||   382
       Skin              |       |       |    39 |       ||    39
Dodge: Dodged            |    50 |   121 |   182 |    88 ||   441
Block: Buckler           |     7 |    47 |    32 |       ||    86

Table legend: (Time is in decaauts)
 A = Elapsed time spent in this place.
 B = Non-inter-level travel time spent in this place.
 C = Inter-level travel time spent in this place.
 D = Time resting spent in this place.
 E = Time spent auto-exploring this place.
 F = Levels seen in this place.
 G = Mean time per level.
                   A        B        C        D        E       F      G
               +--------+--------+--------+--------+--------+-----+--------+
         Total |   9594 |   9437 |    157 |    481 |   7259 |  10 |  959.4 |
       Dungeon |   8482 |   8325 |    157 |    481 |   6482 |   8 | 1060.2 |
        Temple |    110 |    110 |      0 |      0 |     67 |   1 |  110.0 |
       Ossuary |   1002 |   1002 |      0 |      0 |    710 |   1 | 1002.0 |
               +--------+--------+--------+--------+--------+-----+--------+

Top non-repeatable levels by time:
     D:5: 2109 daAuts
     D:6: 1709 daAuts
     D:3: 1188 daAuts
     D:4: 1003 daAuts
 Ossuary: 1002 daAuts
     D:2: 909 daAuts
     D:7: 871 daAuts
     D:1: 590 daAuts
  Temple: 110 daAuts
     D:8: 100 daAuts
